[Event "*** Titled Tuesday Blitz"]
[Site "Chess.com"]
[Date "2021.03.09"]
[Round "11"]
[White "Tekushka"]
[Black "Eloist"]
[Result "1/2-1/2"]
[WhiteElo "2444"]
[BlackElo "2339"]
[TimeControl "180+1"]
[EndTime "12:11:13 PST"]
[Termination "Game drawn - insufficient material"]

1. e4 e6 2. d4 d5 3. Nc3 Nf6 4.
e5 Nfd7 5. f4 c5 6. Nf3 Nc6 7. Be3 a6 8. Qd2 b5 9. Nd1 Qb6 10. c3 b4 11. Be2 a5 12. c4 dxc4 13. d5 exd5 14. Qxd5 Bb7 15. e6 fxe6 16. Qxe6+ Ne7 17.
Qxb6 Nxb6 18. Bxc5 Ned5 19. Bd4 O-O-O 20. O-O Nxf4 21.
Bxb6 Nxe2+ 22. Kf2 Re8 23. Re1 Re6 24. Be3 Bd6 25. Rxe2 Rhe8 26. Rc1 Kb8 27. Rcc2 Be4 28. Rcd2 Bd3 29. Re1 h6 30. Bd4 g5 31. Rxe6 Rxe6 32. Ne1 Bf4 33. Rxd3 cxd3 34. Nxd3 Bd6 35. Ne3 Kc7 36.
Nd5+ Kc6 37. Ne3 Kb5 38. b3 Re8 39. g3 Rf8+ 40. Ke2 Re8 41. Kf2 h5 42. Nb2 g4 43.
Nbc4 Bc7 44. Nd5 Rf8+ 45. Ke2 Bd8 46. Nf4 Rf7 47. Nxh5 Rh7 48. Nf4 Rxh2+ 49. Kd3 Rxa2 50. Nd6+ Kc6 51. Nf7 Be7 52. Ng6 Bc5 53. Nge5+ Kb5 54. Bxc5 Kxc5 55. Nxg4 Rg2 56. Ne3 Rxg3 57. Ne5 Rg1 58.
N5c4 Kb5 59. Kc2 a4 60. bxa4+ Kxa4 61. Kb2 b3 62. Nd2 Rh1 63. Nec4 Rh2 64. Kc3 Rxd2 65. Nxd2 b2 66. Kxb2 1/2-1/2

[Event "*** Titled Tuesday Blitz"]
[Site "Chess.com"]
[Date "2021.03.09"]
[Round "11"]
[White "Guzman70"]
[Black "coco_crc"]
[Result "1-0"]
[WhiteElo "2347"]
[BlackElo "2215"]
[TimeControl "180+1"]
[EndTime "12:11:13 PST"]
[Termination "Guzman70 won by resignation"]

1. e4 e5 2. Nf3 Nc6 3. Bc4 Nf6 4. d3 Bc5 5. O-O d6 6. c3 a6 7. Bb3 Ba7 8. Bg5 h6 9. Bh4 g5 10. Bg3 Bg4 11. Nbd2 Nh5 12. Nc4 Qf6 13. Ne3 Bxf3 14.
Qxf3 Qxf3 15. gxf3 Ng7 16. h4 f6 17. Nd5 Rf8 18.
Nxc7+ Kd7 19. Nxa8 Rxa8 20. Kg2 Bb6 21. Rh1 Ne6 22.
Bxe6+ Kxe6 23. hxg5 hxg5 24. Rh7 Ne7 25. Rah1 Rf8 26.
Rg7 Bd8 27. d4 Kd7 28. dxe5 dxe5 29. Rd1+ Ke6 30. b4 Bb6 31. c4 Bc7 32. c5 Rd8 33. Rxd8 Bxd8 34. Rh7 a5 35. b5 a4 36. b6 Kd7 37.
Rh8 Nc6 38. Kf1 Be7 39. Rh7 Kc8 40. Rf7 Kd7 41. Ke1 Nd8 42. Rh7 Ke6 43. Kd1 Bxc5 44. Rh8 Nc6 45. Rh7 Ne7 46. Rh8 Nc6 47. Kc2 Bxb6 48.
Kc3 Bd4+ 49. Kc4 Ne7 50. Kb5 Kd6 51. Kxa4 Kd7 52. Kb5 Ke6 53. Rb8 b6 54. a4 Kd7 55.
Rb7+ Kd6 56. Rxb6+ Bxb6 57. Kxb6 Nc6 58. a5 Kd7 59. a6 Kd6 60. a7 Nxa7 61. Kxa7 Kc5 62. Kb7 Kc4 63. Kc6 Kd3 64. Kd5 Ke2 65. Ke6 Kxf3 66.
Kxf6 Kxe4 67. Bxe5 Kf3 68. Bg3 g4 69. Kg5 Kg2 70.
Kxg4 1-0

[Event "*** Titled Tuesday Blitz"]
[Site "Chess.com"]
[Date "2021.03.09"]
[Round "11"]
[White "elextranjero00"]
[Black "Sam_ChessMood"]
[Result "0-1"]
[WhiteElo "2664"]
[BlackElo "2873"]
[TimeControl "180+1"]
[EndTime "12:11:14 PST"]
[Termination "Sam_ChessMood won by resignation"]

1. d4 d5 2. c4 c6 3. Nf3 Nf6 4. Nc3 e6 5. e3 Nbd7 6. Qc2 Bd6 7. b3 O-O 8. Be2 b6 9. O-O Bb7 10. Bb2 Qe7 11. Rfd1 Rfd8 12. Rac1 Rac8 13. Bf1 h6 14. Qb1 e5 15. cxd5 cxd5 16. Nb5 Bb8 17. Nxe5 Nxe5 18. dxe5 Bxe5 19. Bxe5 Qxe5 20. Nd4 Ne4 21. Qb2 a5 22. Bd3 Nc5 23. Bf1 h5 24. b4 axb4 25. Qxb4 Qf6 26. Rb1 Ne4 27. Rb2 Rd6 28. Nb5 Rdc6 29. Qd4 Rc1 30.
Qxf6 Nxf6 31. Rxc1 Rxc1 32. f3 d4 33. exd4 h4 34.
Kf2 h3 35. gxh3 Bxf3 36. Kxf3 Rxf1+ 37. Kg2 Rc1 38. Nd6 Nd5 39. Kf3 Rc6 40. Ne4 f5 41. Ng3 Rc3+ 42. Kf2 g6 43. Rb3 Rc2+ 44. Kf3 Rxa2 45.
Rb5 Ra3+ 46. Kf2 Nf4 47. Rxb6 Nxh3+ 48. Kg2 Nf4+ 49. Kf2 Kf7 50. Rb7+ Kf6 51. Rb6+ Kg5 52. Rb5 Kg4 53. Rb6 g5 54. Kf1 Ra1+ 55. Kf2 Ra2+ 56. Ke1 Rxh2 57. Nf1 Re2+ 58. Kd1 Rf2 59. Ne3+ Kf3 60. Nxf5 g4 61. Rf6 Rf1+ 62. Kd2 Rf2+ 63. Kc3 Nd5+ 64. Kc4 Nxf6 0-1

[Event "*** Titled Tuesday Blitz"]
[Site "Chess.com"]
[Date "2021.03.09"]
[Round "11"]
[White "kubal123"]
[Black "noblerone"]
[Result "1-0"]
[WhiteElo "2285"]
[BlackElo "2377"]
[TimeControl "180+1"]
[EndTime "12:11:14 PST"]
[Termination "kubal123 won by resignation"]

1. Nf3 d5 2. g3 Nf6 3. Bg2 c6 4. d4 Bg4 5. O-O Nbd7 6. Nbd2 e6 7.
b3 Be7 8. Bb2 O-O 9. c4 a5 10.
a3 Qb6 11. h3 Bh5 12. Rc1 Rfe8 13. Qc2 Bg6 14. Qc3 Ne4 15. Nxe4 Bxe4 16. Nd2 Bxg2 17.
Kxg2 f5 18. Qd3 Nf6 19. cxd5 cxd5 20. Rc2 Bd6 21. Rfc1 a4 22. b4 h6 23. Nf3 Ne4 24. Ne5 Rad8 25. f3 Nf6 26. e3 Nd7 27. Qd1 Bxe5 28.
dxe5 Qxe3 29. Rc7 b5 30. Qd4 Qe2+ 31. Qf2 Qxf2+ 32. Kxf2 Nb6 33. R1c6 Nc4 34. Bc1 Rb8 35. f4 Rb6 36. Rc5 Reb8 37. g4 R8b7 38. Rc8+ Kf7 39. gxf5 exf5 40. Rxd5 Re7 41. Rcc5 Reb7 42. Kf3 Ke6 43.
Rd8 Ke7 44. Rg8 Kf7 45. Rgc8 Ke7 46. h4 Ke6 47. h5 Ke7 48. Rh8 Kf7 49. Rcc8 Rd7 50.
Rhf8+ Ke6 51. Rce8+ Kd5 52. e6 Rxe6 53. Rxf5+ Kd6 54. Rxe6+ Kxe6 55. Rxb5 Rd3+ 56. Ke4 Rc3 57. f5+ Kd7 58. Bf4 Rxa3 59. Rb7+ Kc6 60. Rc7+ Kb5 61. Rxg7 Kxb4 62. f6 Ra1 63. f7 Re1+ 64. Kf5 Rf1 65.
f8=Q+ Kb3 66. Rb7+ Kc2 67. Qb4 Ne3+ 68. Ke4 Rxf4+ 69.
Kxf4 Nd5+ 70. Kf5 Nxb4 71. Rxb4 a3 72. Ra4 Kb3 73. Ra8 a2 74. Kg6 a1=Q 75. Rxa1 1-0

[Event "*** Titled Tuesday Blitz"]
[Site "Chess.com"]
[Date "2021.03.09"]
[Round "11"]
[White "Firouzja2003"]
[Black "lachesisQ"]
[Result "1/2-1/2"]
[WhiteElo "3146"]
[BlackElo "3101"]
[TimeControl "180+1"]
[EndTime "12:11:19 PST"]
[Termination "Game drawn by repetition"]

1. e4 c5 2. Nc3 d5 3. Nxd5 Nc6 4. Nf3 Nf6 5. Nxf6+ gxf6 6. c3 Bg4 7. Be2 Rg8 8. d3 e6 9. Be3 f5 10. h3 Bxf3 11.
Bxf3 Qc7 12. exf5 exf5 13. Qa4 O-O-O 14. O-O-O Rg6 15. Rhe1 Ne5 16. Bf4 Bh6 17. Bxh6 Rxh6 18. Qxa7 Nxf3 19. Qa8+ Kd7 20. Qa4+ Qc6 21. Qxc6+ Kxc6 22. gxf3 Rxh3 23. Re7 Rxf3 24. Rxf7 h5 25. Rf6+ Rd6 26.
Rxd6+ Kxd6 27. Rh1 Rxf2 28. Rxh5 Ke5 29. a4 Kf4 30.
Rh7 Ke3 31. Rxb7 Kxd3 32. Rd7+ Kc4 33. a5 Kb5 34. Rd5 Kc4 35. Rd8 Kb5 36. Rc8 f4 37. Kb1 Re2 38. a6 Re7 39. Rf8 Kxa6 40. Rxf4 Kb5 41.
Kc2 Rh7 42. Kb3 Rh5 43. Rf6 Rh3 44. Rg6 Rf3 45. Re6 Rg3 46. Re8 Rg4 47. Rb8+ Kc6 48. c4 Rh4 49. Rg8 Kb6 50. Rg6+ Kb7 51. Re6 Kc7 52.
Rf6 Kb7 53. Rg6 Kc7 54. Ra6 Kb7 55. Rg6 Kc7 56. Rg3 Kb6 57. Rc3 Rh1 58. Rd3 Rh4 59.
Rc3 Rh1 60. Ka2 Rh4 61. Ka3 Rh1 62. Rg3 Ra1+ 63. Kb3 Rc1 64. Rg6+ Kb7 65. Rh6 Kc7 66. Rh4 Kb6 67. Ka2 Rg1 68. b3 Ka5 69. Rh6 Kb4 70. Rb6+ Kc3 71. Rb5 Rg2+ 72. Ka3 Rg1 73. Ka2 Rg2+ 74.
Ka3 Rg1 75. Ka2 1/2-1/2

[Event "*** Titled Tuesday Blitz"]
[Site "Chess.com"]
[Date "2021.03.09"]
[Round "11"]
[White "floplover"]
[Black "jannat65"]
[Result "1-0"]
[WhiteElo "2309"]
[BlackElo "1990"]
[TimeControl "180+1"]
[EndTime "12:11:23 PST"]
[Termination "floplover won by checkmate"]

1. d4 d5 2. Nf3 c6 3. Bf4 Nf6 4. e3 Bg4 5. Nbd2 e6 6. c3 Nbd7 7. Be2 Be7 8. h3 Bxf3 9. Bxf3 O-O 10. O-O c5 11. Re1 c4 12. e4 dxe4 13. Nxe4 Nd5 14. Bg3 N7f6 15. Qe2 Rc8 16. Be5 Nd7 17. Bg3 N7b6 18. Qc2 Qd7 19. h4 Qa4 20. Qb1 Qd7 21. h5 h6 22. Be5 Na4 23. Qc2 b5 24. g3 f6 25. Bf4 Nxf4 26. gxf4 f5 27. Nd2 Bd6 28.
Re2 Bxf4 29. Rae1 Rf6 30. Bg2 Qf7 31. Bf3 g6 32. Bg2 g5 33. Nf3 Nb6 34. Ne5 Qxh5 35. Nc6 Rxc6 36. Bxc6 e5 37. Bg2 e4 38. Rxe4 Bh2+ 39.
Kf1 fxe4 40. Qxe4 Kg7 41. Qb7+ Qf7 42. Re7 Rxf2+ 43. Ke1 Bg3 44. Kd1 Rf6 45. Rxf7+ Rxf7 46. Qe4 Kf6 47. Bh3 Re7 48. Qf5+ Kg7 49. Bg4 Re1+ 50. Kc2 Re7 51. Bh5 Nd7 52. Qg6+ Kh8 53. Qxh6+ Rh7 54. Qxg5 Rg7 55. Qd8+ Rg8 56. Qxd7 Bf4 57. Bf3 Rg3 58. Be4 Rg7 59. Qe8+ Rg8 60. Qh5+ Kg7 61. Qg4+ Kf8 62.
Qxf4+ Ke7 63. Qe5+ Kd8 64. Qd5+ Kc7 65. Qxg8 Kb6 66.
Qg7 Ka5 67. Qxa7# 1-0

[Event "*** Titled Tuesday Blitz"]
[Site "Chess.com"]
[Date "2021.03.09"]
[Round "11"]
[White "GMJustin"]
[Black "Aslanov_Umid"]
[Result "1-0"]
[WhiteElo "2289"]
[BlackElo "2387"]
[TimeControl "180+1"]
[EndTime "12:11:29 PST"]
[Termination "GMJustin won by checkmate"]

1. d4 d5 2. c4 e6 3. Nc3 c6 4. Nf3 dxc4 5. a4 Bb4 6. e3 b5 7.
Bd2 a5 8. axb5 Bxc3 9. Bxc3 cxb5 10. b3 Bb7 11. d5 Nf6 12. bxc4 b4 13. Bxf6 Qxf6 14. Qa4+ Nd7 15. Nd4 exd5 16. c5 Bc8 17.
Bb5 Ra7 18. c6 Nc5 19. Qc2 Ne6 20. c7+ Kf8 21. O-O Kg8 22. Nxe6 Qxe6 23. Qc5 Rb7 24. Rfc1 h6 25. Rxa5 Kh7 26. Bd3+ g6 27. Ra6 Qd7 28.
Rd6 Qe7 29. Rxd5 Qxc5 30. Rdxc5 b3 31. h4 b2 32. Rb1 Be6 33. Rc2 Rc8 34. Rbxb2 Rxb2 35. Rxb2 Rxc7 36. h5 Rd7 37. hxg6+ fxg6 38. Be4 Kg7 39.
Rb6 Bf7 40. Bf3 h5 41. Kh2 Rd2 42. Kg3 g5 43. Rb7 h4+ 44. Kg4 Rxf2 45. Bd5 h3 46. gxh3 Kh6 47. Rxf7 Rd2 48. Rf6+ Kg7 49. Rf5 Kh6 50.
Rxg5 Rd1 51. Rf5 Rg1+ 52. Kf4 Kg6 53. Ke5 Re1 54. e4 Rh1 55. Rf6+ Kg7 56. Re6 Rxh3 57. Kd6 Kf8 58. e5 Ra3 59. Rf6+ Ke8 60. Bc6+ Kd8 61. Rf8# 1-0

[Event "*** Titled Tuesday Blitz"]
[Site "Chess.com"]
[Date "2021.03.09"]
[Round "11"]
[White "marianokar"]
[Black "ajdemipopushi"]
[Result "1-0"]
[WhiteElo "2491"]
[BlackElo "2379"]
[TimeControl "180+1"]
[EndTime "12:11:39 PST"]
[Termination "marianokar won on time"]

1. e4 c5 2. Nf3 g6 3. d3 Bg7 4.
g3 Nc6 5. Bg2 e5 6. O-O Nge7 7.
c3 O-O 8. a3 h6 9. b4 d6 10.
Be3 Be6 11. bxc5 dxc5 12. Bxc5 Qd7 13. Qe2 Rfd8 14. Rd1 b6 15. Bxe7 Qxe7 16. Nbd2 Rac8 17. Nf1 Na5 18. c4 Nb3 19. Rab1 Qxa3 20. Ne3 Nd4 21.
Nxd4 Rxd4 22. Nd5 Bxd5 23. exd5 Qd6 24. h4 h5 25. Qa2 Rc7 26. Qa4 Kh7 27. Qe8 f5 28.
Qe6 Qc5 29. Rb5 Qf8 30. Re1 Re7 31. Qd6 Qf7 32. Bf1 f4 33. Bg2 Rd7 34. Qe6 Rxd3 35. Qxf7 Rxf7 36. Be4 Rd4 37. c5 bxc5 38. Rxc5 Rf6 39.
Rc7 Kh6 40. f3 fxg3 41. Kg2 Rf4 42. Ra1 Bf6 43. Ra6 Rd2+ 44. Kxg3 Bxh4+ 45. Kh3 Bf6 46. d6 Kg5 47. d7 h4 48. Re6 Rd4 49. Re8 Rd1 50. Rxa7 Rh1+ 51. Kg2 Rd1 52. Kh3 Rd2 53. Ra6 Rxd7 54. Rg8 Kh6 55. Rxg6+ Kh5 56. Raxf6 Rxf6 57. Rxf6 Re7 58. Rf5+ Kh6 59. Kxh4 Kg7 60. Rg5+ Kf6 61. Rg6+ Kf7 62. Kg5 Re8 63. Rh6 Rg8+ 64. Kf5 Rg1 65.
Rh7+ Kg8 66. Rb7 Rh1 67. Kxe5 Kf8 68. Kf6 Ke8 69. Bf5 Kd8 70. Rd7+ Ke8 71. Rd4 1-0

[Event "*** Titled Tuesday Blitz"]
[Site "Chess.com"]
[Date "2021.03.09"]
[Round "11"]
[White "MerryPoppies"]
[Black "stepakyedael"]
[Result "1-0"]
[WhiteElo "2202"]
[BlackElo "2272"]
[TimeControl "180+1"]
[EndTime "12:11:42 PST"]
[Termination "MerryPoppies won by checkmate"]

1. d4 Nf6 2. c4 g6 3. Nc3 Bg7 4. Nf3 d6 5. e4 O-O 6. h3 Na6 7. Be2 e5 8. d5 h6 9. O-O Ne8 10. g4 f5 11. gxf5 gxf5 12. exf5 Bxf5 13. Kh1 Bxh3 14.
Rg1 Kh8 15. Rg3 Bf5 16. Qg1 Qf6 17. Be3 Nb4 18. Qh2 Nc2 19. Rag1 Nxe3 20. fxe3 Rf7 21. Nh4 Bh7 22. Bg4 e4 23. Be6 Re7 24. Ng6+ Bxg6 25.
Rxg6 Qf3+ 26. Qg2 Qxg2+ 27. R1xg2 Nf6 28. Rh2 a6 29. Bf5 Re5 30. Be6 Rh5 31. Rxh5 Nxh5 32. Nxe4 Rf8 33. Kg2 b5 34. b3 bxc4 35. bxc4 Rb8 36. Kf3 Rf8+ 37. Kg4 Nf6+ 38. Nxf6 Rxf6 39.
Rxf6 Bxf6 40. Kf5 Kg7 41. e4 h5 42. Bd7 h4 43. Kg4 a5 44. Ba4 Kg6 45. Bd7 Kf7 46. Be6+ Ke7 47. Bc8 Kd8 48. Be6 a4 49. Kf3 a3 50.
Ke3 Ke7 51. Kd3 c6 52. Kc2 cxd5 53. cxd5 Bb2 54. Kb3 Kf6 55. Kc4 Ke5 56. Kd3 Bd4 57. Bf5 Bc5 58. Ke2 Kd4 59. Kd2 Bb4+ 60. Kc2 Bc5 61.
Kb3 Ke3 62. Kc4 Kf4 63. Kb5 Ke5 64. Kc4 Kf4 65. Kb5 Kg3 66. Kc6 h3 67. Bxh3 Kxh3 68. e5 dxe5 69. Kxc5 Kg4 70. d6 e4 71. d7 e3 72.
d8=Q e2 73. Qd2 Kf3 74. Qe1 Ke3 75. Kb4 Kd3 76. Kxa3 Ke3 77. Kb3 Kd3 78. a4 Ke3 79.
a5 Kd3 80. a6 Ke3 81. a7 Kd3 82. a8=Q Ke3 83. Qe8+ Kd3 84. Q8xe2+ Kd4 85. Q1d1+ Kc5 86.
Qc4+ Kb6 87. Qd6+ Kb7 88. Qdc7+ Ka8 89. Qa6# 1-0

[Event "*** Titled Tuesday Blitz"]
[Site "Chess.com"]
[Date "2021.03.09"]
[Round "11"]
[White "Sagar_Raina"]
[Black "Isajevsky_Anton"]
[Result "1/2-1/2"]
[WhiteElo "2287"]
[BlackElo "2440"]
[TimeControl "180+1"]
[EndTime "12:11:44 PST"]
[Termination "Game drawn by repetition"]

1. Nf3 c5 2. c4 g6 3. g3 Bg7 4. Bg2 Nc6 5. O-O e6 6. d4 cxd4 7. Na3 d6 8. Nb5 e5 9. e3 a6 10. Na3 dxe3 11. Bxe3 Nge7 12. Qd2 Nf5 13. Nc2 O-O 14.
Rad1 Be6 15. b3 h6 16. Nb4 Nxe3 17. fxe3 Nxb4 18. Qxb4 Qe7 19. Qxd6 Rfe8 20. Qxe7 Rxe7 21. Rd6 Rc8 22. Rfd1 Rec7 23. Rd8+ Rxd8 24. Rxd8+ Kh7 25. Nd2 b5 26. Bd5 bxc4 27. Nxc4 Bf6 28. Rd6 Be7 29.
Rc6 Rxc6 30. Bxc6 Bc5 31. Kf2 Bxc4 32. bxc4 f5 33. Ke2 e4 34. a4 a5 35. Bd5 Kg7 36. Be6 Kf6 37. Bd5 h5 38. h3 g5 39. Bc6 Bb6 40. Be8 h4 41. gxh4 gxh4 42. Bd7 Ke5 43. Be8 Bc5 44. Bd7 f4 45. exf4+ Kxf4 46. Bg4 Ke5 47.
Bd7 Kd4 48. Bb5 Kc3 49. Ba6 Kb3 50. Bb5 Kb4 51. Kd2 Bd4 52. Ke2 Kc5 53. Kd2 Kd6 54. Ke2 Ke5 55. Bc6 Kf4 56. Bb7 Bc5 57. Bc6 Kf5 58.
Bb7 Ke5 59. Bc6 Kd4 60. Bb5 Kc3 61. Ba6 Bb6 62. Bb5 Bd4 63. Ba6 Bc5 64. Bb5 Kb3 65. Kd2 e3+ 66. Ke2 Kb4 67. Kd3 Kb3 68. Ke2 Kc3 69.
Ba6 Kd4 70. Bb5 Ke4 71. Bc6+ Kf4 72. Bd7 Ke5 73. Bc6 Kd6 74. Bb5 Bd4 75. Be8 Kc5 76.
Bb5 Kb4 77. Kd3 Bc5 78. Ke2 Kc3 79. Ba6 Kc2 80. Bb5 Kc3 1/2-1/2

[Event "*** Titled Tuesday Blitz"]
[Site "Chess.com"]
[Date "2021.03.09"]
[Round "11"]
[White "TigrVShlyape"]
[Black "Artem_Sadovsky"]
[Result "1-0"]
[WhiteElo "2823"]
[BlackElo "2573"]
[TimeControl "180+1"]
[EndTime "12:11:54 PST"]
[Termination "TigrVShlyape won on time"]

1. e4 c6 2. d3 d5 3. Nf3 dxe4 4. dxe4 Qxd1+ 5. Kxd1 Bg4 6. Nd2 Nd7 7. h3 Bh5 8.
g4 Bg6 9. Nh4 e5 10. f3 O-O-O 11. Bc4 f6 12. Nxg6 hxg6 13. h4 Bc5 14. Ke2 g5 15. h5 Ne7 16. Nb3 Bb6 17. a4 Nc5 18. Nxc5 Bxc5 19. a5 Kc7 20. c3 a6 21. Bd2 Nc8 22.
Rad1 Nd6 23. Ba2 Ba7 24. Bc1 Rd7 25. Rd3 Rdd8 26. Rdd1 Bc5 27. Bb3 Ba7 28. Kf1 Bc5 29. Kg2 Ba7 30. Rd3 Bc5 31. Rhd1 Nb5 32. Rxd8 Rxd8 33.
Rh1 Rh8 34. Kf1 Nd6 35. Ke2 Ba7 36. Bd2 Bc5 37. Ba2 Ba7 38. Kd3 Bc5 39. Kc2 Ba7 40. Be6 Re8 41. Bb3 Rh8 42. Bc1 Bc5 43. Kd3 Ba7 44. Kc2 Kd7 45. Ba2 Ke7 46. Kd3 Bc5 47.
Ke2 Ba7 48. Bd2 Kd7 49. Rd1 Kc7 50. b4 Rd8 51. Be1 Nb5 52. Rxd8 Kxd8 53. Kd3 Ke7 54. Bb3 Bg1 55. Bg8 Kd6 56. Bh7 c5 57. bxc5+ Bxc5 58. Bg8 Na7 59. Bd5 b5 60. c4 b4 61. Kc2 Nc6 62.
Bxc6 Kxc6 63. Kb3 Bd6 64. Bxb4 Bc7 65. Ka4 Kd7 66. Bf8 Ke8 67. Bc5 Kf7 68. Kb4 Ke6 69. Bf8 Kf7 70. Bc5 Ke6 71. Bb6 Bd6+ 72. c5 Be7 73. Kc4 Bf8 74. c6 Ba3 75. Bc5 Bc1 76. Bf8 Bd2 77. Bxg7 Bxa5 78. Bf8 Bb6 79. Bc5 Bc7 80. Ba7 Kd6 81. h6 1-0

[Event "*** Titled Tuesday Blitz"]
[Site "Chess.com"]
[Date "2021.03.09"]
[Round "11"]
[White "arminmusovic"]
[Black "Unknown_IM"]
[Result "0-1"]
[WhiteElo "2480"]
[BlackElo "2400"]
[TimeControl "180+1"]
[EndTime "12:11:54 PST"]
[Termination "Unknown_IM won by resignation"]

1. a3 a5 2. Nc3 d5 3. e4 d4 4.
Nce2 Nc6 5. Ng3 e5 6. Bb5 Nf6 7. Bxc6+ bxc6 8. d3 Bd6 9. N1e2 O-O 10. O-O c5 11. h3 Bb7 12. f4 c4 13. Nf5 cxd3 14.
cxd3 c5 15. Nxd6 Qxd6 16. fxe5 Qxe5 17. Bf4 Qe6 18. Rc1 Rac8 19. Bg5 Nd7 20. Nf4 Qb6 21. Qh5 c4 22. Kh1 cxd3 23. Rxc8 Bxc8 24. Nd5 Qe6 25.
Ne7+ Kh8 26. Nxc8 Rxc8 27. Rxf7 Ne5 28. Re7 Qg6 29. Qxg6 Nxg6 30. Rd7 h6 31. Rxd4 hxg5 32. Rxd3 Rc1+ 33. Kh2 Rc2 34. Rg3 Rxb2 35. Rxg5 Nf4 36. Rxa5 Rxg2+ 37. Kh1 Re2 38. e5 Nxh3 39. e6 Nf4 40. a4 Nxe6 41. Kg1 Nd4 42. Kf1 Ra2 43. Ra8+ Kh7 44. a5 Nc6 45. a6 Kh6 46. Ke1 Kg5 47. Rg8 g6 48. Ra8 Kf5 49. Kd1 g5 50. Kc1 Kg4 51. Kb1 Ra5 52. Kb2 Kg3 53. Kb3 g4 54. Kc4 Kf2 55. Rf8+ Kg2 56. Rf6 Rxa6 57. Kb5 Nb8 58. Rf4 g3 59. Rf8 Rg6 60. Rxb8 Kh1 61.
Rh8+ Kg1 62. Kc4 g2 63. Kd3 Rf6 64. Ra8 Kh2 65. Rh8+ Kg3 66. Rg8+ Kf2 67. Ke4 g1=Q 68. Rxg1 Kxg1 69. Ke5 Rf2 70. Ke4 Kg2 71. Ke3 Rf3+ 72.
Ke4 Kg3 73. Kd4 Kf4 74. Kd5 Re3 75. Kc4 Re4+ 76. Kc5 Ke5 77. Kb5 Rd4 78. Kb6 Rd5 79.
Kc6 Kd4 80. Kb6 Kc4 81. Kc6 Rd4 82. Kb6 Rd6+ 83. Kc7 Kc5 84. Kb7 Rd7+ 85. Kc8 Kc6 86. Kb8 Rd8+ 87. Ka7 Rh8 0-1

[Event "*** Titled Tuesday Blitz"]
[Site "Chess.com"]
[Date "2021.03.09"]
[Round "11"]
[White "ViktoriyaTarasova"]
[Black "Savagelittlemole"]
[Result "1-0"]
[WhiteElo "2358"]
[BlackElo "2509"]
[TimeControl "180+1"]
[EndTime "12:12:02 PST"]
[Termination "ViktoriyaTarasova won by checkmate"]

1. d4 Nf6 2. c4 c5 3. d5 e6 4. Nc3 exd5 5. cxd5 d6 6. Nf3 g6 7. Bf4 a6 8. a4 Bg7 9. h3 O-O 10. e3 Qe7 11. Nd2 Nbd7 12. Be2 Ne8 13. O-O Ne5 14.
Re1 f5 15. Qc2 g5 16. Bh2 Nf6 17. Bf1 Qf7 18. f4 gxf4 19. exf4 Ng6 20. Nc4 Qc7 21. Be2 Bd7 22. a5 Rae8 23. Bf3 Bb5 24. Ne3 Nh4 25.
Nxf5 Nxf5 26. Qxf5 Ne4 27. Nxb5 axb5 28. Bxe4 Rxf5 29.
Bxf5 Rxe1+ 30. Rxe1 Bxb2 31. Be6+ Kg7 32. f5 Qxa5 33.
Rf1 Qc7 34. Bf4 Bf6 35. g4 h6 36. Bg3 c4 37. h4 Qc5+ 38. Kg2 Qd4 39. Bxd6 Qxg4+ 40. Kf2 Bxh4+ 41. Ke3 Bg5+ 42. Kf2 c3 43. f6+ Bxf6 44.
Bxg4 c2 45. Be2 b4 46. Bc4 Bg5 47. Bxb4 c1=Q 48. Rxc1 Bxc1 49. d6 Bg5 50. Kf3 Kf8 51. Kg4 Ke8 52. Kf5 Kd7 53. Bb5+ Kd8 54. Ke6 b6 55. Bc3 h5 56. Bd4 h4 57. Bxb6+ Kc8 58. Ba6+ Kb8 59. Kd7 h3 60. Bg1 Be3 61. Bh2 Bg5 62.
Kc6 Ka7 63. Bf1 Kb8 64. Bxh3 Ka7 65. d7 Ka8 66. Bc7 Ka7 67. Be6 Ka6 68. Bd5 Ka7 69.
Bc4 Ka8 70. Bd6 Ka7 71. Bd5 Ka8 72. Bc5 Kb8 73. Bb6 Be7 74. Bc7+ Ka7 75. Bd6 Bd8 76.
Bc7 Bh4 77. d8=Q Bxd8 78. Bxd8 Kb8 79. Be6 Ka7 80. Bb6+ Kb8 81. Bc7+ Ka7 82. Bd7 Ka8 83. Bd6 Ka7 84. Bc5+ Kb8 85. Bd4 Ka8 86. Be5 Ka7 87. Bc8 Ka8 88. Kc7 Ka7 89. Bd4+ Ka8 90. Bb7# 1-0

[Event "*** Titled Tuesday Blitz"]
[Site "Chess.com"]
[Date "2021.03.09"]
[Round "11"]
[White "DrCeltic"]
[Black "chessmachine14"]
[Result "1/2-1/2"]
[WhiteElo "2474"]
[BlackElo "2347"]
[TimeControl "180+1"]
[EndTime "12:12:23 PST"]
[Termination "Game drawn by agreement"]

1. e4 c5 2. Nf3 e6 3. d4 cxd4 4. Nxd4 Nf6 5. Nc3 d6 6. Be3 Be7 7. f4 O-O 8. Bd3 Nc6 9. Nb3 e5 10. h3 exf4 11. Bxf4 Ne8 12. Qd2 Bh4+ 13. g3 Bf6 14.
O-O-O Be5 15. Kb1 Be6 16. h4 a5 17. Nd5 a4 18. Bxe5 Nxe5 19. Nd4 a3 20. b3 Nc7 21.
Ne3 Na6 22. Nxe6 fxe6 23. Nc4 Nc5 24. Qc3 Nexd3 25. cxd3 Rf2 26. Rhf1 Rg2 27. Rg1 Rxg1 28. Rxg1 b5 29. Nd2 Qf8 30. Rf1 Qe7 31. d4 Na6 32. e5 h6 33. Ne4 Rf8 34. Rxf8+ Qxf8 35. Nxd6 Qf1+ 36. Qc1 Qd3+ 37. Qc2 Qxd4 38. h5 Nb4 39. Qc1 Qd3+ 40. Ka1 Nc2+ 41. Kb1 Nd4+ 42. Ka1 Nc2+ 43. Kb1 Ne3+ 44. Ka1 Qd4+ 45. Kb1 Qxe5 46. Qc8+ Kh7 47. Qh8+ Kxh8 48. Nf7+ Kg8 49. Nxe5 Nf5 50. g4 Nd4 51. b4 Kf8 52. Nd7+ Ke7 53. Nc5 Ne2 54. Kc2 Ng3 55.
Kb3 Nf1 56. Kxa3 Ne3 57. g5 hxg5 58. Ne4 g4 59. Kb3 Nf5 60. Kc3 g3 61. Nd2 g2 62.
Nf3 Nh4 63. Ng1 Kd6 64. Kd3 Kd5 65. Ke3 e5 66. Kf2 e4 67. Kg3 Nf3 68. Kxg2 Nxg1 69. Kxg1 Kd4 70. Kf2 Kd3 71. Ke1 Kc3 72. Ke2 Kxb4 73.
Ke3 Ka3 74. Kxe4 Kxa2 75. Kf5 b4 76. Kg6 b3 77. Kxg7 b2 78. h6 b1=Q 79. h7 Qb7+ 80. Kh8 Qb2+ 81. Kg8 Qg2+ 82. Kh8 Qh3 83. Kg8 Qg4+ 84.
Kh8 Qh5 85. Kg8 Qg5+ 86. Kh8 Qh6 87. Kg8 Qg6+ 88. Kh8 Qe8+ 89. Kg7 1/2-1/2

[Event "*** Titled Tuesday Blitz"]
[Site "Chess.com"]
[Date "2021.03.09"]
[Round "11"]
[White "lamomiablanca"]
[Black "eduardoperalta"]
[Result "0-1"]
[WhiteElo "2410"]
[BlackElo "2522"]
[TimeControl "180+1"]
[EndTime "12:12:24 PST"]
[Termination "eduardoperalta won by resignation"]

1. e4 c5 2. d3 Nc6 3. g3 g6 4.
Bg2 Bg7 5. f4 d6 6. Nf3 Nf6 7.
O-O O-O 8. c3 Rb8 9. a4 Bd7 10.
Na3 a6 11. Nc2 c4 12. Ne3 cxd3 13. Qxd3 b5 14. axb5 axb5 15. Rd1 Na5 16. e5 Ne8 17.
Bd2 Nb3 18. Ra3 Nc5 19. Qc2 Nc7 20. exd6 exd6 21. Be1 Qe7 22. Bf2 Rfc8 23. Nd4 Kh8 24. Ra7 Qd8 25. Nd5 Nxd5 26. Bxd5 Ne6 27. Nxe6 fxe6 28. Bf3 d5 29. Qe2 b4 30. Bd4 bxc3 31.
bxc3 Bxd4+ 32. cxd4 Kg8 33. Bg4 Rc6 34. Qe5 Rbc8 35.
Re1 Kf7 36. h4 R8c7 37. Raa1 Qf6 38. Qe3 Rc4 39. Rad1 Rc3 40. Rd3 Rxd3 41. Qxd3 Rc4 42. Re5 Qe7 43. h5 Qb4 44. hxg6+ hxg6 45. Rg5 Rc1+ 46.
Kg2 Qb2+ 47. Be2 Qc2 48. Qxc2 Rxc2 49. Kf3 Rc3+ 50. Kf2 Kf6 51. Re5 Bc8 52. Re3 Rc2 53. Ke1 Ra2 54. Rb3 Ra4 55. Rb8 Bd7 56. Rd8 Ke7 57. Rxd7+ Kf6 58. Rd6 Rxd4 59. Kf2 Re4 60. Bf3 Rd4 61. Ke3 Rc4 62. Bg4 Rc3+ 63. Kf2 Ke7 64. Rxe6+ Kf7 65. Re2 d4 66. Be6+ Kf6 67. Bg4 Rd3 68. Ke1 Ra3 69. Kf2 Rd3 70. Bf3 Rc3 71.
Rd2 Rc4 72. Be2 Rb4 73. Kf3 Ke6 74. Ke4 Rb3 75. Bf3 Re3+ 76. Kxd4 Rxf3 77. Rg2 Kf5 78.
Kd5 Rd3+ 79. Kc6 Kg4 80. Kc7 Kh3 81. Rf2 Kxg3 82. Rf1 Kg2 83. Rb1 Rf3 84. Rb6 Rg3 85. Kd7 Kf3 86. Rf6 Rg4 87. Ke6 Ke4 88. Kf7 Kf3 89.
Rxg6 Rxf4+ 90. Ke6 Re4+ 91. Kd6 Ke3 92. Rh6 Kd3 93. Rh3+ Ke2 94. Rh4 Rxh4 0-1

[Event "*** Titled Tuesday Blitz"]
[Site "Chess.com"]
[Date "2021.03.09"]
[Round "11"]
[White "Moon_stone123"]
[Black "Loy_Konstantin"]
[Result "1/2-1/2"]
[WhiteElo "2484"]
[BlackElo "2365"]
[TimeControl "180+1"]
[EndTime "12:12:37 PST"]
[Termination "Game drawn by 50-move rule"]

1. Nf3 c5 2. g3 g6 3. Bg2 Bg7 4. O-O Nc6 5. c4 Nf6 6. Nc3 O-O 7. d4 cxd4 8. Nxd4 d6 9. Nxc6 bxc6 10. Bxc6 Rb8 11. Bg2 Qa5 12. Qa4 Qxa4 13. Nxa4 Ng4 14. h3 Ne5 15. c5 Bd7 16. Nc3 dxc5 17. Rd1 Bc6 18. Nd5 Bxd5 19. Rxd5 Nc4 20. Rxc5 Nxb2 21.
Rb1 Na4 22. Rxb8 Rxb8 23. Rc7 Nc3 24. Be3 Nxa2 25. Rxa7 Nc3 26. Bf3 Bf6 27. Kg2 Kg7 28.
g4 h6 29. Kg3 Rb2 30. h4 Nxe2+ 31. Bxe2 Rxe2 32. g5 hxg5 33. hxg5 Rxe3+ 34. fxe3 Bxg5 35. Kf3 Bf6 36. Ra5 Bc3 37. Rb5 e6 38. Rb7 Kf6 39. Rc7 Be5 40. Rc8 Bd6 41. Rc6 Be5 42. Ra6 Kf5 43. Ra8 f6 44. Ra6 Bc3 45. Ra4 e5 46.
Rc4 Bb2 47. e4+ Kg5 48. Rc2 Bd4 49. Rg2+ Kh6 50. Kg4 Bc3 51. Rc2 Bd4 52. Rc7 Be3 53. Rf7 Bg5 54. Rb7 Bf4 55. Ra7 Bg5 56. Rf7 f5+ 57.
exf5 gxf5+ 58. Kxf5 Bf4 59. Rb7 Bg3 60. Rb3 Bf4 61. Rb7 Bg3 62. Ra7 Bf4 63. Rf7 Bg3 64.
Rf6+ Kh5 65. Rf8 Kh6 66. Rf6+ Kh5 67. Ra6 Bf4 68. Ra1 Kh6 69. Rg1 Kh5 70. Rg6 Kh4 71.
Ke4 Kh5 72. Rg2 Kh4 73. Kf3 Kh3 74. Rg6 Kh4 75. Rg4+ Kh5 76. Rg1 Kh4 77. Ke4 Kh3 78.
Kf5 Kh2 79. Rg6 Kh3 80. Rg4 Kh2 81. Ke4 Kh3 82. Kf3 Kh2 83. Rh4+ Kg1 84. Rg4+ Kf1 85. Rg2 Ke1 86. Re2+ Kd1 87. Rf2 Kc1 88. Ke4 Kd1 89. Kd3 Ke1 90. Rf3 Bh2 91. Rh3 Bf4 92. Rf3 Bh2 93.
Rf5 Bf4 94. Rh5 Kf2 95. Rh3 Kg2 96. Rh5 Kf2 97. Ke4 Kg3 98. Rh7 Kg4 99. Rb7 Kg3 100. Rg7+ Kf2 101. Rb7 Kg3 102. Rb3+ Kg4 103. Rb1 Kg3 104. Rg1+ Kf2 105. Rg8 Ke2 106. Rg2+ Kf1 107. Kf3 Ke1 108. Ra2 1/2-1/2